 Dungeon Crawl Stone Soup version 0.32-a0-630-g46d191b0ed (webtiles) character file.

Game seed: 3331650834161629708

2272 ipx the Cleaver (level 9, -4/72 HPs)
             Began as a Mountain Dwarf Fighter on Mar 6, 2024.
             Was a Believer of Makhleb.
             Slain by an orc warrior
             ... wielding a +0 halberd
              (9 damage)
             ... on level 8 of the Dungeon.
             The game lasted 00:26:25 (1953 turns).

ipx the Cleaver (Mountain Dwarf Fighter)            Turns: 1953, Time: 00:26:26

Health: -4/72      AC: 14    Str: 24    XL:     9   Next: 16%
Magic:  9/9        EV:  6    Int:  8    God:    Makhleb [**....]
Gold:   296        SH:  4    Dex:  9    Spells: 8/8 levels left

rFire   . . .        a - +1 war axe (heavy)
rCold   . . .        c - +0 buckler
rNeg    . . .        v - +0 plate armour
rPois   .            l - +1 helmet
rElec   .            (no cloak)
rCorr   .            (no gloves)
SInv    .            (no boots)
Will    .....        (no amulet) Stlth
                     (no ring)
HPRegen 0.32/turn    (no ring)
MPRegen 0.11/turn

%: no passive effects
@: no status effects
A: runic magic, artefact enchanting
a: Renounce Religion, Minor Destruction


You were on level 8 of the Dungeon.
You worshipped Makhleb.
Makhleb was pleased with you.
You visited 2 branches of the dungeon, and saw 10 of its levels.

You collected 296 gold pieces.

Inventory:

Hand Weapons
 a - a +1 heavy war axe (weapon)
Armour
 c - a +0 buckler (worn)
 h - a +3 leather armour of willpower
 l - a +1 helmet (worn)
 v - a +0 plate armour (worn)
Scrolls
 b - a scroll of silence {unknown}
 g - a scroll of teleportation
 m - a scroll of noise {unknown}
 o - 2 scrolls of revelation
 p - a scroll of blinking {unknown}
 s - a scroll of amnesia {unknown}
 t - a scroll of acquirement {unknown}
 u - 2 scrolls of immolation
Potions
 d - 2 potions of might
 e - a potion of enlightenment {unknown}
 f - a potion of ambrosia
 i - a potion of invisibility {unknown}
 j - 2 potions of heal wounds {unknown}
 n - 2 potions of curing
 q - a potion of berserk rage {unknown}
 w - 2 potions of haste {unknown}


   Skills:
 - Level 4.5 Fighting
 + Level 13.3 Axes
 - Level 4.4 Armour
 - Level 3.2 Shields
 - Level 3.0 Evocations


You had 8 spell levels left.
You didn't know any spells.
Your spell library contained the following spells:

 Spells                   Type           Power      Damage    Failure   Level
 Sandblast                Erth           0%         2d4       71%         1
 Dazzling Flash           Conj/Hex       0%         N/A       97%         3
 Mephitic Cloud           Conj/Alch/Air  0%         N/A       97%         3
 Passwall                 Erth           0%         N/A       97%         3
 Stone Arrow              Conj/Erth      0%         3d7       97%         3
 Brom's Barrelling Bould  Conj/Erth      0%         2d3       100%        4
 Curse of Agony           Necr           0%         N/A       100%        5
 Silence                  Hex/Air        0%         N/A       100%        5


Dungeon Overview and Level Annotations

Branches:
Dungeon (9/15)             Temple (1/1) D:5
   Lair: D:8-11         Orc: D:9-12

Altars:
Ashenzari
Cheibriados
Elyvilon
Fedhas
Gozag
Hepliaklqana
Makhleb
Qazlal
Ru
Sif Muna
Trog
Vehumet
Wu Jian
Xom
Zin

Shops:
D:1 !

Annotations:
D:6 3 runed translucent doors, Hans's ghost, novice DEFE


Innate Abilities, Weirdness & Mutations

Your spellcasting is much less encumbered by armour.
You can use scrolls of enchantment on lesser artefacts.


Message History

The orc warrior hits you with a +0 halberd!
You're too confused to move!
The orc warrior hits you with a +0 halberd.
The orc warrior completely misses you. The orc warrior barely misses you.
The orc warrior hits you with a +0 halberd.
You feel less invigorated.
You feel less confused. You block the orc warrior's attack.
You barely miss the orc warrior.
The orc warrior is lightly wounded.
The orc warrior hits you with a +0 halberd!
You barely miss the orc warrior.
The orc warrior is lightly wounded.
The orc warrior hits you but does no damage.
You barely miss the orc warrior.
The orc warrior is lightly wounded.
The orc warrior barely misses you.
The orc warrior hits you with a +0 halberd!
You closely miss the orc warrior.
The orc warrior is lightly wounded.
The orc warrior hits you with a +0 halberd!
* * * LOW HITPOINT WARNING * * *
You hit the orc warrior but do no damage.
The orc warrior is lightly wounded.
The orc warrior hits you with a +0 halberd!
* * * LOW HITPOINT WARNING * * *
You slash the orc warrior!
The orc warrior is moderately wounded.
The orc warrior hits you but does no damage.
You slice the orc warrior!!
The orc warrior is almost dead.
The orc warrior hits you with a +0 halberd.
* * * LOW HITPOINT WARNING * * *
The orc warrior hits you with a +0 halberd.
* * * LOW HITPOINT WARNING * * *
You closely miss the orc warrior.
The orc warrior is almost dead.
The orc warrior hits you with a +0 halberd!
You die...

##....#...........#
..................#
#.....##..........#
...........########
#..........#
#..........####
#...#.......[†#
..#.##....###[##### .
.##....##.@....#
..#.....#o.....# #
#.#.....#......### #.
#.##..#.#........# .
#.##..#..##.####.# ##
#.##..##.##..###.# .##
##.##..##...#..##.## ..##
#.......#..###..#..#
...###.....#.....#....#.##


You could see an orc warrior.

Vanquished Creatures
  A hornet (D:8)
  A yak (D:8)
  A steam dragon (D:6)
  A water moccasin (D:7)
  2 sky beasts (D:7)
  2 ice beasts (D:7)
  An ogre (D:5)
  2 bullfrogs
  A gnoll sergeant (D:8)
  5 killer bees (D:8)
  4 howler monkeys
  2 bombardier beetles
  2 hounds
  2 jellies
  2 orc priests
  A gnoll bouda (D:7)
  A sleepcap (D:5)
  An iguana (D:6)
  5 orc wizards
  A hound skeleton (D:4)
  A hound zombie (D:4)
  11 gnolls
  4 adders
  2 white imps
  A ribbon worm (D:2)
  A dart slug (D:1)
  22 orcs
  2 endoplasms
  2 hobgoblins
  2 jackals (D:3)
  3 kobolds
  A quokka (D:2)
  2 ball pythons
  2 bats (D:1)
  4 frilled lizards
  3 rats
101 creatures vanquished.

Notes
Turn   | Place    | Note
-------+----------+-------------------------------------------
     0 | D:1      | ipx the Mountain Dwarf Fighter began the quest for the Orb.
     0 | D:1      | Reached XP level 1. HP: 19/19 MP: 1/1
    67 | D:1      | Reached skill level 3 in Axes
    68 | D:1      | Found Mybbe's Distillery.
   126 | D:1      | Reached XP level 2. HP: 26/26 MP: 2/2
   238 | D:3      | Reached skill level 4 in Axes
   343 | D:3      | Reached XP level 3. HP: 29/31 MP: 3/3
   595 | D:4      | Reached skill level 5 in Axes
   596 | D:4      | Reached XP level 4. HP: 35/38 MP: 4/4
   604 | D:4      | Found a snail-covered altar of Cheibriados.
   660 | D:4      | Identified the +1 short sword "Gyicun" {heavy, +Blink rElec
                  | rN++ Str-3}
   665 | D:5      | Entered Level 5 of the Dungeon
   896 | D:4      | Reached XP level 5. HP: 40/46 MP: 5/5
   977 | D:5      | Found a staircase to the Ecumenical Temple.
   986 | Temple   | Entered the Ecumenical Temple
   999 | Temple   | Became a worshipper of Makhleb the Destroyer
  1047 | D:7      | Noticed a sky beast
  1061 | D:5      | Noticed an ogre
  1067 | D:5      | Killed an ogre
  1068 | D:5      | Reached XP level 6. HP: 33/53 MP: 6/6
  1078 | D:6      | Found a runed translucent gate.
  1078 | D:6      | Found a runed translucent gate.
  1079 | D:6      | Noticed Hans's ghost (novice DEFE)
  1080 | D:6      | Found a runed translucent gate.
  1208 | D:6      | Noticed a steam dragon
  1219 | D:6      | Reached skill level 6 in Axes
  1224 | D:6      | Killed a steam dragon
  1225 | D:6      | Reached skill level 7 in Axes
  1225 | D:6      | Reached XP level 7. HP: 22/60 MP: 7/7
  1354 | D:7      | Reached skill level 8 in Axes
  1438 | D:7      | Reached skill level 9 in Axes
  1523 | D:7      | Reached XP level 8. HP: 49/67 MP: 8/8
  1526 | D:7      | Reached skill level 10 in Axes
  1584 | D:7      | Reached * piety under Makhleb
  1596 | D:7      | Reached skill level 11 in Axes
  1768 | D:8      | Reached skill level 12 in Axes
  1817 | D:8      | Noticed a hornet
  1820 | D:8      | Killed a hornet
  1868 | D:8      | Reached XP level 9. HP: 31/72 MP: 9/9
  1888 | D:8      | Found a broken altar of Ashenzari.
  1895 | D:9      | Reached ** piety under Makhleb
  1896 | D:9      | Reached skill level 13 in Axes
  1953 | D:8      | Slain by an orc warrior

Illustrated notes

Levels and vault maps discovered:
D:1:      dpeg_arrival_rooms_c, layout_loops_ring,
          hellmonk_ecumenical_altar_leap_of_faith, serial_shops,
          nicolae_shop_tiny_waterfront
D:2:      layout_basic, basic_altar
D:3:      layout_basic
D:4:      layout_loops_corners, mainiacjoe_overflow_small_starburst,
          serial_undead, serial_undead_b, serial_undead_e, serial_undead_b,
          serial_undead_a, nicolae_shop_firing_range
D:5:      layout_gridville, minmay_temple_entry_arrows, uniq_grinder, uniq_ijyb
D:6:      layout_loops_ring, nicolae_tso_carved_into_rock,
          gammafunk_temple_overflow_claw, gammafunk_ghost_nasty_kobolds,
          supply_closet_lemuel
D:7:      layout_loops_cross
D:8:      layout_rooms, nicolae_ashenzari_skybound, nicolae_figureground_sparkle
D:9:      layout_long_grid, grunt_dithmenos_shadows,
          nicolae_overflow_crystal_walls, orc_0_dummy
Temple:   cyrus_circular_temple

Skill      XL: |  1  2  3  4  5  6  7  8  9 |
---------------+----------------------------+-----
Axes           | 3 4 5 7 9 12 13 | 13.3
Fighting       | 4 |  4.5
Armour         | 4 |  4.4
Evocations     | 2 3 |  3.0
Shields        | |  3.2

Action                     |  1- 3 |  4- 6 |  7- 9 || total
---------------------------+-------+-------+-------++-------
  Melee: War axe           |    80 |    25 |   144 ||   249
         Whip              |       |    98 |       ||    98
  Evoke: Wand              |       |     4 |    10 ||    14
    Use: Scroll            |       |     3 |     2 ||     5
         Potion            |       |       |     3 ||     3
 Armour: Scale mail        |    14 |       |       ||    14
         Leather armour    |    58 |     5 |       ||    63
         Chain mail        |       |    68 |       ||    68
         Plate armour      |       |    26 |   186 ||   212
  Dodge: Dodged            |    35 |    29 |    39 ||   103
  Block: Buckler           |    14 |    20 |    35 ||    69

Table legend: (Time is in decaauts)
 A = Elapsed time spent in this place.
 B = Non-inter-level travel time spent in this place.
 C = Inter-level travel time spent in this place.
 D = Time resting spent in this place.
 E = Time spent auto-exploring this place.
 F = Levels seen in this place.
 G = Mean time per level.
                   A        B        C        D        E       F      G
               +--------+--------+--------+--------+--------+-----+--------+
         Total |   2069 |   2045 |     24 |      0 |      0 |  10 |  206.9 |
       Dungeon |   2042 |   2042 |      0 |      0 |      0 |   9 |  226.9 |
        Temple |     26 |      2 |     24 |      0 |      0 |   1 |   26.0 |
               +--------+--------+--------+--------+--------+-----+--------+

Top non-repeatable levels by time:
     D:7: 425 daAuts
     D:4: 358 daAuts
     D:6: 287 daAuts
     D:1: 263 daAuts
     D:8: 262 daAuts
     D:3: 238 daAuts
     D:2: 101 daAuts
     D:5: 86 daAuts
  Temple: 26 daAuts
     D:9: 20 daAuts
